AoeStats
← saker

Arabia

510713398Analyzed
1v1 RM · 1d ago on Oct 2, 2026· 23m 38s· 2 players
Game mode
Random Map
Map size
Tiny (2 player)
Population
200
Speed
Normal
Resources
Standard
Victory
Conquest
Starting age
Dark Age
Ending age
Imperial Age
RankedLock teamsTeams togetherTeam positionsShared explorationLock speedFull tech treeHidden civsTurbo modeCheats
Victory
Defeat
🇸🇪 Vikings · Sweden
1348
+13
🇻🇳 Saxons · Vietnam
1283
-13
saker
7:17 Loom
9:53 Feudal Age
10:08 Man-at-Arms
10:46 Double-Bit Axe
13:58 Arson
14:08 Fletching
21:56 Castle Age
21:11 Scale Mail Armor
21:58 Long Swordsman
Kaiser
8:15 Loom
10:00 Feudal Age
15:01 Castle Age
Connection lost

Rejoining the realm…

Still unreachable

The connection could not be restored.

Session expired

The server has moved on; the page needs a fresh start.